 Dungeon Crawl Stone Soup version 0.28.0-43-g3370ac3207 (webtiles) character file.

Game seed: 6742366219122037344

871 fknight the Cudgeller (level 8, -12/72 HPs)
             Began as a Gargoyle Berserker on Mar 17, 2022.
             Was a Priest of Trog.
             Mangled by an ogre
             ... wielding a +0 giant spiked club
              (19 damage)
             ... on level 5 of the Dungeon.
             The game lasted 00:10:34 (4323 turns).

fknight the Cudgeller (Gargoyle Berserker)          Turns: 4323, Time: 00:10:34

Health: -12/72     AC: 17    Str: 30    XL:     8   Next: 3%
Magic:  8/8        EV: 11    Int:  7    God:    Trog [***...]
Gold:   159        SH:  0    Dex:  9    Spells: 7/7 levels left

rFire   . . .      SeeInvis .   y - +1 flail (vorpal)
rCold   . . .      Faith    .   (no shield)
rNeg    + . .      Spirit   .   r - +0 scale mail
rPois   ∞          Reflect  .   g - +0 hat
rElec   +          Harm     .   (no cloak)
rCorr   .          Rampage  .   m - +2 pair of gloves
Will    ++...                   w - +0 pair of boots
Stlth   ..........              (no amulet)
HPRegen 1.22/turn               k - ring of flight
MPRegen 0.11/turn               p - +6 ring of strength

@: berserking, strong-willed, flying, regenerating, very quick
A: sickness immunity, AC +5, negative energy resistance 1, electricity
resistance, torment resistance 1, petrification resistance
a: Renounce Religion, Berserk, Trog's Hand


You were on level 5 of the Dungeon.
You worshipped Trog.
Trog was most pleased with you.
You visited 1 branch of the dungeon, and saw 5 of its levels.

You collected 159 gold pieces.

Inventory:

Hand Weapons
 a - a +0 mace
 n - a +2 short sword of venom
 y - a +1 vorpal flail (weapon)
 A - a +0 hand crossbow
Missiles
 d - 111 stones (quivered)
 e - 61 arrows
 j - 3 javelins
 o - 12 poisoned darts
 u - 6 boomerangs
 v - 17 bolts
Armour
 g - a +0 hat (worn)
 m - a +2 pair of gloves (worn)
 r - a +0 scale mail (worn)
 w - a +0 pair of boots (worn)
Jewellery
 k - a ring of flight (left hand)
 p - a +6 ring of strength (right hand)
Scrolls
 b - a scroll of magic mapping {unknown}
 h - a scroll of amnesia {unknown}
 q - a scroll of torment {unknown}
 s - 4 scrolls of identify {unknown}
 t - 2 scrolls of immolation {unknown}
Potions
 c - 3 potions of curing {unknown}
 f - 2 potions of heal wounds {unknown}
 i - 6 potions of lignification {unknown}
 l - a potion of cancellation {unknown}
 x - a potion of degeneration {unknown}
 z - a potion of brilliance {unknown}


   Skills:
 + Level 4.6 Fighting
 + Level 3.2 Short Blades
 + Level 5.8 Maces & Flails
 + Level 4.2 Armour
 + Level 3.2 Dodging
 + Level 2.2 Stealth


You had 7 spell levels left.
You didn't know any spells.
Your spell library was empty.

Dungeon Overview and Level Annotations

Branches:
Dungeon (5/15)
 Temple: D:4-7

Altars:
Cheibriados
Yredelemnul
The Shining One


Innate Abilities, Weirdness & Mutations

You are immune to sickness and miasma.
Your stone body is resilient. (AC +5)
You are immune to poison.
You resist negative energy. (rN+)
You are resistant to electric shocks. (rElec)
You are resistant to unholy torment.
You are immune to petrification.


Message History

The hound zombie is almost destroyed.
The hound zombie closely misses you. The hound zombie completely misses you.
You hit the hound zombie.
You destroy the hound zombie!
Trog accepts your kill.
You start resting.
You feel yourself speed up.
You start resting.
You recover from your berserk rage.
You start resting.
HP restored.
Found 11 gold pieces.
You see here a +0 whip.
An ogre comes into view. It is wielding a +0 giant spiked club.
Found a scale mail.
The ogre shouts!
You hit the ogre but do no damage.
The ogre hits you with a +0 giant spiked club!
A scorpion comes into view.
You barely miss the ogre. The ogre closely misses you.
You bludgeon the ogre!!
The ogre is severely wounded.
The ogre hits you with a +0 giant spiked club!!
Ouch! That really hurt!
* * * LOW HITPOINT WARNING * * *
You are too injured to fight recklessly!
You are too injured to fight recklessly!
Your skin crawls.
You feel strong-willed. The ogre barely misses you.
A red film seems to cover your vision as you go berserk!
You feel yourself moving faster!
You feel mighty!
The ogre hits you with a +0 giant spiked club!
* * * LOW HITPOINT WARNING * * *
You hit the ogre.
The ogre is almost dead.
You barely miss the ogre.
The ogre is almost dead.
The ogre hits you with a +0 giant spiked club!!
You die...

#########..#...#....
.......#.###'##....
##.#.##...###.##....
..............##+#.#
...#...#...#....#.+
#..#..###.....### #.
#.....# #.##.##
#..##+...).+ #.. )#
#..@#####...#.#..
#.$.sO# .....# ##
##..#.# .....#
#...#.# .....# #.#
..# ...#.# #. #+.
+##..# # . ... .


You could see an ogre and a scorpion.

Vanquished Creatures
  Sigmund (D:2)
  An ogre (D:4)
  2 phantoms
  2 hounds
  A bullfrog skeleton (D:4)
  A jelly (D:4)
  2 iguanas (D:5)
  Natasha (thrice) (D:2)
  An orc wizard (D:4)
  A hound zombie (D:5)
  10 adders
  An ufetubus (D:5)
  An adder skeleton (D:4)
  2 worms (D:2)
  A dart slug (D:1)
  4 orcs
  4 endoplasms
  4 giant cockroaches
  8 goblins
  8 hobgoblins
  8 jackals (D:1)
  A quokka (D:3)
  6 ball pythons
  8 bats
  4 frilled lizards
  11 kobolds
  7 rats
103 creatures vanquished.

Vanquished Creatures (others)
  7 plants (D:2)
7 creatures vanquished.

Grand Total: 110 creatures vanquished

Notes
Turn   | Place    | Note
-------+----------+-------------------------------------------
     0 | D:1      | fknight the Gargoyle Berserker began the quest for the Orb.
     0 | D:1      | Reached XP level 1. HP: 14/14 MP: 1/1
   188 | D:1      | Reached XP level 2. HP: 11/19 MP: 2/2
   592 | D:1      | Reached XP level 3. HP: 20/23 MP: 3/3
   751 | D:1      | You fall into a shaft and drop 1 floor!
   754 | D:2      | Reached ** piety under Trog
  1644 | D:2      | Found a snail-covered altar of Cheibriados.
  1653 | D:2      | Reached XP level 4. HP: 29/29 MP: 4/4
  1769 | D:2      | Noticed Sigmund
  1777 | D:2      | Killed Sigmund
  1778 | D:2      | Reached skill level 4 in Maces & Flails
  1778 | D:2      | Reached skill level 1 in Stealth
  1778 | D:2      | Reached XP level 5. HP: 33/33 MP: 5/5
  1778 | D:2      | Reached XP level 6. HP: 38/38 MP: 6/6
  1929 | D:2      | Reached skill level 5 in Maces & Flails
  2180 | D:2      | Noticed Natasha
  2185 | D:2      | Killed Natasha
  2366 | D:2      | Noticed Natasha
  2374 | D:2      | Killed Natasha
  2412 | D:2      | Noticed Natasha
  2428 | D:2      | Killed Natasha
  2808 | D:3      | Found a faded altar of an unknown god.
  2906 | D:3      | Reached XP level 7. HP: 35/44 MP: 7/7
  3114 | D:3      | Reached *** piety under Trog
  3426 | D:4      | Reached skill level 1 in Short Blades
  3813 | D:4      | Found a glowing golden altar of the Shining One.
  3816 | D:4      | Noticed an angel
  3825 | D:4      | Found a basalt altar of Yredelemnul.
  3832 | D:4      | Noticed a profane servitor
  3984 | D:5      | Entered Level 5 of the Dungeon
  4264 | D:5      | Reached XP level 8. HP: 46/48 MP: 8/8
  4323 | D:5      | Mangled by an ogre

Illustrated notes

Levels and vault maps discovered:
D:1:      dpeg_arrival_renting, layout_basic, st_stairs_11
D:2:      minmay_razor_zed, layout_basic, basic_altar, serial_forest,
          infiniplex_forest_corner_2, infiniplex_forest_zigzag_1,
          infiniplex_forest_clump_cross, infiniplex_forest_clump_large,
          infiniplex_forest_straight_4, infiniplex_forest_lined_corner,
          infiniplex_forest_straight_1, infiniplex_forest_clump_long,
          infiniplex_forest_clump_small, uniq_sigmund, uniq_natasha
D:3:      minmay_angry_zag, layout_basic, basic_ecumenical_altar
D:4:      layout_basic, grunt_temple_overflow_holy_war
D:5:      nicolae_cairo_tiling_large, layout_loops_cross, elyvilon_altar_5,
          minmay_misc_feat_secret_circle, minmay_fractal_squares_diagonal_5,
          uniq_grinder

Skill      XL: |  1  2  3  4  5  6  7 |
---------------+----------------------+-----
Dodging        | 2 3 |  3.2
Fighting       | 4 |  4.6
Maces & Flails | 4 5 |  5.8
Stealth        | 1 2 |  2.2
Armour         | 3 4 |  4.2
Short Blades   | 3 |  3.2

Action                   |  1- 3 |  4- 6 |  7- 9 || total
-------------------------+-------+-------+-------++-------
Melee: Mace              |   104 |    84 |       ||   188
       Punch             |     1 |       |       ||     1
       Short sword       |       |    30 |    68 ||    98
       Flail             |       |       |    51 ||    51
 Fire: Hand crossbow     |       |       |     2 ||     2
Invok: Berserk           |     1 |     1 |     3 ||     5
       Trog's Hand       |       |     1 |     3 ||     4
 Stab: Sleeping          |     1 |       |       ||     1
Armor: Animal skin       |    39 |       |       ||    39
       Ring mail         |     6 |    41 |       ||    47
       Scale mail        |       |     2 |    62 ||    64
Dodge: Dodged            |    83 |    72 |    80 ||   235
